Map: Protocolo central

Players

Xandros - Winner!

  • Race: Zerg Zerg

IA (Más difícil) 1

  • Race: Terran Terran

VOD

Have the link to the VOD?

Description

Time

  • Played on: Nov. 19, 2015, 5:23 a.m.
  • Length: 18:16
Show
View Real Time Build Order
Export as new Build Order

Xandros Zerg - Winner!

Build Orders: Pool First 

Get SALT Encoding   

  12  0:02  Drone  
  13  0:13  Drone  
  14  0:19  Overlord  
  14  0:40  Spawning Pool  
  14  0:42  Drone x2  
  15  0:45  Drone  
  16  0:58  Extractor  
  16  1:01  Drone  
  16  1:08  Drone  
  16  1:09  Extractor  
  16  1:15  Drone  
  17  1:25  Drone  
  18  1:36  Drone  
  18  1:37  Queen  
  21  1:46  Roach Warren  
  20  1:47  Drone  
  21  2:04  Zergling x2  
  22  2:22  Hatchery  
  22  2:26  Drone  
  22  2:36  Overlord  
  22  2:45  Overlord  
  22  3:02  Queen  
  22  3:03  Roach, Zergling x2  
  27  3:06  Zergling x2  
  28  3:40  Drone  
  29  4:03  Drone x3  
  29  4:09  Roach x2  
  36  4:22  Overlord x3  
  36  4:36  Lair  
  36  4:43  Evolution Chamber  
  35  4:46  Metabolic Boost  
  35  4:51  Drone  
  35  4:52  Drone x2  
  38  4:54  Roach x2  
  38  4:55  Roach x2  
  38  4:57  Drone  
  38  4:59  Drone  
  48  5:23  Spine Crawler  
  47  5:28  Extractor  
  47  5:32  Roach x2  
  47  5:33  Roach x2  
  54  5:40  Hydralisk Den  
  54  5:41  Infestation Pit  
  52  5:51  Ravager x3  
  55  6:02  Drone x2  
  55  6:03  Drone  
  58  6:05  Drone x2  
  60  6:14  Overlord x2  
  60  6:15  Overlord  
  45  6:35  Zergling x10  
  46  6:41  Zergling x4  
  48  7:11  Roach x2  
  48  7:12  Hydralisk x4, Roach x2  
  64  7:19  Drone x2  
  64  7:20  Extractor  
  65  7:26  Drone  
  65  7:29  Zerg Ground Armor Level 1  
  66  7:36  Lurker Den  
  66  7:40  Drone  
  67  7:47  Drone x2  
  69  7:59  Hydralisk, Roach  
  69  8:00  Roach  
  75  8:06  Drone x2  
  75  8:07  Drone  
  75  8:10  Drone  
  79  8:17  Burrow  
  79  8:23  Glial Reconstitution  
  79  8:29  Roach  
  81  8:55  Hatchery  
  80  8:56  Overseer  
  80  9:06  Roach  
  80  9:09  Overlord x3  
  82  9:24  Zerg Missile Weapons Level 1  
  82  9:27  Queen  
  82  9:29  Roach  
  82  9:30  Roach x4  
  94  9:33  Hydralisk x2  
  94  9:36  Lurker  
  99  9:47  Overlord x3  
  99  9:59  Muscular Augments  
  99  10:07  Queen  
  99  10:09  Drone  
  56  10:47  Zergling x2  
  56  10:48  Zergling x8  
  56  10:49  Zergling x2  
  59  10:56  Roach x7  
  59  10:57  Roach x6  
  85  11:16  Spore Crawler  
  72  11:26  Overseer  
  71  11:38  Ravager x2  
  73  11:40  Hydralisk x7  
  73  11:41  Hydralisk x2  
  73  11:44  Overseer  
  91  11:57  Drone  
  91  11:58  Drone x5  
  97  12:20  Spine Crawler, Zergling x2  
  97  12:21  Zergling x8  
  101  13:31  Spine Crawler  
  101  13:33  Spine Crawler  
  99  13:37  Spore Crawler, Spine Crawler  
  99  13:38  Spore Crawler  
  96  13:43  Spore Crawler  
  96  13:45  Hydralisk x2  
  96  13:46  Hydralisk x4, Roach x3  
  96  13:47  Hydralisk x3, Roach x4  
  96  13:48  Roach  
  129  13:55  Zerg Ground Armor Level 2  
  129  14:14  Spine Crawler  
  129  14:16  Spine Crawler  
  127  14:35  Hive  
  127  14:38  Tunneling Claws  
  127  14:44  Overseer  
  106  15:13  Zergling x8  
  106  15:14  Zergling x10  
  97  15:15  Zergling x12  
  107  15:31  Hydralisk x3  
  107  15:32  Hydralisk, Roach x3  
  102  16:01  Overseer x2  
  100  16:12  Zergling x2  
  100  16:13  Zergling x10  
  106  16:25  Overlord x3  
  104  16:26  Overlord x3  
  104  16:51  Ultralisk Cavern  
  103  17:16  Zergling x2  
  103  17:17  Zergling x12  
  103  17:18  Zergling x2  
  111  17:35  Lurker x3  
  114  17:42  Hydralisk x2  
  114  17:43  Hydralisk x2, Roach x4  
Show
View Real Time Build Order
Export as new Build Order

IA (Más difícil) 1 Terran 

Build Orders: Bio Tank, MMM Bio 

Get SALT Encoding   

  12  0:00  SCV  
  13  0:13  SCV  
  14  0:18  Supply Depot  
  14  0:25  SCV  
  15  0:40  SCV  
  15  0:42  Barracks  
  16  0:49  Refinery  
  16  0:52  SCV  
  17  1:04  SCV  
  18  1:16  SCV  
  19  1:22  Supply Depot  
  19  1:29  SCV, Marine  
  21  1:42  Barracks, Orbital Command  
  21  1:46  Marine  
  22  1:50  Refinery  
  22  2:05  Barracks Tech Lab  
  22  2:08  Supply Depot  
  22  2:22  Marine  
  23  2:30  Marine  
  24  2:40  Supply Depot, Marine  
  25  2:48  Marine  
  26  2:58  Marine  
  27  3:06  Marine  
  28  3:16  Marauder  
  30  3:22  Supply Depot, SCV  
  30  3:24  Marine  
  32  3:34  SCV, Engineering Bay  
  33  3:38  Marauder  
  35  3:41  Marine  
  35  3:46  SCV  
  37  3:58  SCV  
  37  3:59  Marauder  
  37  4:01  Supply Depot  
  40  4:10  SCV  
  41  4:20  Marauder  
  41  4:22  SCV  
  44  4:42  Marauder  
  46  5:03  Marauder  
  48  5:25  Marauder  
  50  6:05  Barracks Tech Lab  
  50  6:06  Terran Infantry Weapons Level 1, Stimpack  
  50  6:08  Factory  
  50  6:11  Factory  
  50  6:12  Supply Depot  
  50  6:15  Missile Turret  
  50  6:16  Command Center  
  50  6:22  Combat Shields  
  50  6:23  Marine  
  44  6:32  Marine  
  32  6:41  Marine  
  29  6:49  Marine  
  29  6:52  Factory Tech Lab  
  30  6:54  Starport  
  30  6:57  Factory Tech Lab, Starport  
  30  6:59  Marine  
  31  7:07  Marine  
  32  7:13  Missile Turret  
  32  7:17  Marauder  
  34  7:26  Marauder  
  34  7:28  SCV x2  
  38  7:32  Siege Tank  
  41  7:38  Refinery, Missile Turret  
  41  7:40  SCV, Bunker, Widow Mine  
  41  7:41  SCV  
  41  7:43  Refinery, Starport Tech Lab x2  
  45  7:52  SCV  
  45  7:53  SCV  
  47  8:00  Terran Infantry Armor Level 1  
  47  8:02  Raven  
  47  8:04  SCV, Siege Tank  
  47  8:05  SCV, Missile Turret  
  54  8:08  Widow Mine  
  56  8:15  Viking  
  56  8:17  SCV x2  
  60  8:26  Bunker  
  60  8:29  SCV x2  
  62  8:36  Sensor Tower  
  62  8:41  SCV  
  63  8:42  SCV  
  63  8:45  Viking, Raven  
  63  8:48  Armory  
  68  8:53  SCV  
  69  8:56  SCV  
  69  8:57  Barracks  
  70  9:05  SCV  
  70  9:08  SCV, Supply Depot  
  72  9:14  Banshee  
  75  9:28  Banshee  
  78  9:32  SCV  
  78  9:46  Barracks Reactor  
  78  10:27  Thor  
  78  10:28  Medivac x2  
  86  10:32  Factory  
  86  10:33  Marine  
  81  10:38  Starport  
  81  10:39  Marine  
  81  10:40  Supply Depot  
  72  10:45  Marine  
  73  10:50  Marine  
  73  10:56  Marine  
  75  10:58  Command Center, Raven, Medivac  
  75  11:02  Marine  
  80  11:06  Supply Depot  
  80  11:08  Marine  
  81  11:13  Marine  
  81  11:15  Starport Reactor  
  81  11:16  Factory Tech Lab  
  82  11:20  Marauder  
  78  11:28  Viking  
  78  11:31  Marine  
  78  11:35  Supply Depot  
  78  11:37  Marine  
  79  11:43  Marauder  
  81  11:49  Marauder  
  83  11:54  Viking  
  83  12:00  Viking  
  87  12:05  Supply Depot  
  87  12:06  Siege Tank  
  87  12:07  Concussive Shells  
  90  12:10  SCV x3  
  90  12:11  Thor  
  99  12:17  Siege Tank  
  99  12:22  SCV  
  103  12:23  SCV x2, Viking  
  103  12:24  Terran Infantry Weapons Level 2  
  103  12:29  Marauder  
  109  12:32  Refinery  
  109  12:34  SCV  
  109  12:35  SCV, Refinery  
  111  12:37  SCV  
  111  12:38  Siege Tank  
  115  12:46  SCV  
  115  12:47  SCV  
  117  12:51  Terran Vehicle Weapons Level 1  
  117  12:52  Missile Turret  
  117  12:53  SCV  
  119  12:58  SCV, Missile Turret  
  119  12:59  SCV  
  119  13:02  Command Center  
  120  13:05  SCV  
  121  13:14  SCV  
  122  13:22  Bunker  
  122  13:28  Ghost Academy  
  122  13:32  Fusion Core  
  122  13:39  Engineering Bay  
  122  13:43  Armory  
  122  14:16  SCV  
  123  14:27  Refinery  
  123  14:28  Missile Turret  
  123  14:31  Missile Turret  
  123  14:34  Refinery  
  123  14:45  Terran Ship Weapons Level 1  
  123  14:51  SCV, Marine x4  
  127  14:53  Bunker  
  127  14:57  Supply Depot  
  100  15:09  Marauder x2, Marine x2  
  100  15:10  Raven  
  100  15:13  Raven  
  77  15:17  Medivac  
  79  15:26  Viking  
  79  15:27  Marine x2  
  80  15:30  Ghost, Marauder  
  69  15:45  Marine x2  
  70  15:51  Marine  
  70  15:53  Raven  
  64  15:59  Marine  
  64  16:02  Marine  
  64  16:03  Marine  
  58  16:10  Marauder  
  56  16:13  SCV, Hellion  
  56  16:16  Marine  
  56  16:18  Hellion  
  59  16:22  SCV  
  59  16:23  SCV  
  59  16:25  SCV  
  47  16:34  SCV, Hellion  
  47  16:35  SCV  
  47  16:37  SCV  
  47  16:46  SCV  
  36  16:47  SCV  
  35  16:59  SCV  
  35  17:07  SCV  
  33  17:11  SCV  
  33  17:16  Supply Depot  
  14  18:02  Supply Depot  
Tags
 
Add a new tag
Caveats
  • Supply blocks, unpowered buildings, or Contaminate may cause inaccurate times.
  • Supply counts are checked every 10 seconds.